 Dungeon Crawl Stone Soup version 0.21-a0-125-gb006224 (webtiles) character file.

396 Gorglomux the Chopper (level 6, 0/46 HPs)
             Began as a Hill Orc Wanderer on July 14, 2017.
             Was an Initiate of Okawaru.
             Slain by an orc
             ... wielding a +0 mace
              (1 damage)
             ... on level 4 of the Dungeon.
             The game lasted 00:07:31 (3703 turns).

Gorglomux the Chopper (Hill Orc Wanderer)           Turns: 3703, Time: 00:07:32

Health: 0/46       AC: 11    Str: 18    XL:     6   Next: 82%
Magic:  6/6        EV:  6    Int: 11    God:    Okawaru [......]
Gold:   64         SH:  0    Dex: 10    Spells: 5/5 levels left

rFire    . . .     SeeInvis .   V - +0 hand axe
rCold    . . .     Gourm    .   (no shield)
rNeg     . . .     Faith    .   Y - +0 plate armour (curse)
rPois    .         Spirit   .   (no helmet)
rElec    .         Reflect  .   (no cloak)
rCorr    .         Harm     .   (no gloves)
MR       .....                  (no boots)
Stlth    ..........             (no amulet)
HPRegen  0.00/turn              (no ring)
MPRegen  0.10/turn              (no ring)

@: no status effects
A: camouflage 1, frail 1, inhibited regeneration, sturdy frame 1
a: Renounce Religion


You were on level 4 of the Dungeon.
You worshipped Okawaru.
Okawaru was noncommittal.
You were not hungry.

You visited 1 branch of the dungeon, and saw 4 of its levels.

You collected 64 gold pieces.

Inventory:

Hand Weapons
 V - a +0 hand axe (weapon)
Armour
 Y - a cursed +0 plate armour (worn)
Jewellery
 N - an uncursed amulet of faith {unknown}
Scrolls
 M - a scroll of magic mapping {unknown}
 P - 3 scrolls of immolation {unknown}
 R - 2 scrolls of identify {unknown}
 T - 3 scrolls of amnesia {unknown}
 U - 3 scrolls of remove curse {unknown}
 X - a scroll of fog {unknown}
Potions
 b - a potion of heal wounds
 Q - a potion of curing
 S - a potion of agility {unknown}
 W - 3 potions of might {unknown}
 Z - 2 potions of brilliance {unknown}
Comestibles
 f - 4 bread rations
 z - 2 meat rations
 O - 6 chunks of flesh


   Skills:
 - Level 3.7 Fighting
 + Level 7.2 Axes
   Level 2.6 Bows
 - Level 4.1 Armour
 - Level 1.5 Stealth


You had 5 spell levels left.
You didn't know any spells.

Dungeon Overview and Level Annotations

Branches:
Dungeon (4/15)
 Temple: D:4-7

Altars:
Ashenzari
Cheibriados
Gozag
Nemelex Xobeh
Okawaru
Qazlal
Vehumet
Xom
Yredelemnul

Annotations:
D:3 1 runed door


Innate Abilities, Weirdness & Mutations

Your skin changes colour to match your surroundings (Stealth+).
You are frail. (-10% HP)
You do not regenerate when monsters are visible.
Your movements are slightly less encumbered by armour. (ER -2)


Message History

The iguana bites you.
You hit the iguana but do no damage.
The iguana is heavily wounded.
The iguana bites you.
* * * LOW HITPOINT WARNING * * *
You hit the iguana.
The iguana is severely wounded.
The iguana bites you.
* * * LOW HITPOINT WARNING * * *
You hit the iguana.
The iguana is almost dead.
The iguana bites you.
* * * LOW HITPOINT WARNING * * *
You hit the iguana.
You kill the iguana!
Okawaru accepts your kill.
Your Axes skill increases to level 7!
Unknown command.
The orc hits you with a mace.
You die...

# #####
#.##...##
#.#.♣.♣.#
#...o<..#
#.#@♣.♣.#
# ##...##
#####


You could see an orc.

Vanquished Creatures
  A water moccasin (D:3)
  An orc priest (D:3)
  2 orc wizards (D:3)
  An iguana (D:4)
  Terence (D:2)
  4 gnolls (D:3)
  4 adders
  An ooze (D:1)
  A worm (D:3)
  2 dart slugs
  A leopard gecko (D:2)
  9 orcs (D:3)
  3 ball pythons
  3 giant cockroaches (D:1)
  6 goblins
  4 hobgoblins
  2 quokkas
  4 bats
  3 frilled lizards
  9 kobolds
  7 rats
69 creatures vanquished.

Notes
Turn   | Place    | Note
-------+----------+-------------------------------------------
     0 | D:1      | Gorglomux the Hill Orc Wanderer began the quest for the Orb.
     0 | D:1      | Gorglomux set off with: a +2 dagger, a potion of heal wounds, a +0 ring mail, a bread ration, a potion of curing
     0 | D:1      | Reached XP level 1. HP: 16/16 MP: 1/1
   374 | D:1      | Reached XP level 2. HP: 23/24 MP: 2/2
   827 | D:1      | Reached skill level 3 in Armour
   827 | D:1      | Reached XP level 3. HP: 22/30 MP: 3/3
  1869 | D:2      | Reached skill level 3 in Fighting
  2046 | D:2      | Reached XP level 4. HP: 23/38 MP: 4/4
  2208 | D:3      | Noticed Terence
  2242 | D:2      | Killed Terence
  2332 | D:3      | Reached skill level 3 in Axes
  2343 | D:3      | Reached XP level 5. HP: 12/46 MP: 1/5
  2635 | D:3      | Reached skill level 4 in Axes
  2797 | D:3      | Noticed a water moccasin
  2808 | D:3      | Gained mutation: You are frail. (-10% HP) [potion of mutation]
  2808 | D:3      | Gained mutation: Your skin changes colour to match your surroundings (Stealth+). [potion of mutation]
  2808 | D:3      | Gained mutation: You do not regenerate when monsters are visible. [potion of mutation]
  2808 | D:3      | Gained mutation: Your movements are slightly less encumbered by armour. (ER -2) [potion of mutation]
  2820 | D:3      | Killed a water moccasin
  2820 | D:3      | Reached skill level 6 in Axes
  2820 | D:3      | Reached XP level 6. HP: 21/46 MP: 6/6
  3266 | D:3      | Found a stormy altar of Qazlal.
  3270 | D:3      | Found an iron altar of Okawaru.
  3273 | D:3      | Found an opulent altar of Gozag.
  3273 | D:3      | Found a shattered altar of Ashenzari.
  3273 | D:3      | Found a shimmering altar of Xom.
  3276 | D:3      | Became a worshipper of Warmaster Okawaru
  3279 | D:3      | Found a sparkling altar of Nemelex Xobeh.
  3280 | D:3      | Found a snail-covered altar of Cheibriados.
  3281 | D:3      | Found a radiant altar of Vehumet.
  3282 | D:3      | Found a basalt altar of Yredelemnul.
  3419 | D:3      | Found a runed door.
  3701 | D:4      | HP: 1/46 [iguana (6)]
  3702 | D:4      | Reached skill level 7 in Axes
  3703 | D:4      | Slain by an orc

Vault maps used:
D:1:      sevenhm_arrival_forest_fort_large_4, minmay_crystal_water,
          glass_columns_b
D:2:      first_bread
D:3:      minitemple, uniq_terence, uniq_crazy_yiuf_cottage
D:4:      minmay_temple_entry_grid, grunt_ministairs_11

Skill      XL: |  1  2  3  4  5  6 |
---------------+-------------------+-----
Fighting       | 2 3 |  3.7
Armour         | 3 4 |  4.1
Axes           | 3 6 7 |  7.2
Bows           | |  2.6
Stealth        | |  1.5

Action                   |  1- 3 |  4- 6 || total
-------------------------+-------+-------++-------
Melee: Dagger            |    21 |       ||    21
       Hand axe          |   130 |   172 ||   302
  Use: Potion            |       |     3 ||     3
 Stab: Sleeping          |     1 |       ||     1
  Eat: Chunk             |     4 |     5 ||     9
Armor: Ring mail         |     6 |       ||     6
       Chain mail        |    52 |       ||    52
       Plate armour      |    34 |   114 ||   148
       Skin              |       |    13 ||    13
Dodge: Dodged            |    58 |    53 ||   111
